 Dungeon Crawl Stone Soup version 0.21.0-25-ge575cb9 (webtiles) character file.

366 pomescollege the Cudgeler (level 6, -3/37 HPs)
             Began as a Gargoyle Fighter on Jan 24, 2018.
             Was an Initiate of Okawaru.
             Slain by sanboga's ghost (11 damage)
             ... on level 3 of the Dungeon.
             The game lasted 00:08:10 (2548 turns).

pomescollege the Cudgeler (Gargoyle Fighter)        Turns: 2548, Time: 00:08:10

Health: -3/37      AC: 11    Str: 21    XL:     6   Next: 68%
Magic:  5/6        EV:  7    Int:  9    God:    Okawaru [......]
Gold:   119        SH:  9    Dex:  9    Spells: 5/5 levels left

rFire    . . .     SeeInvis .   a - +0 flail
rCold    . . .     Gourm    .   c - +0 shield
rNeg     + . .     Faith    .   b - +0 scale mail
rPois    ∞         Spirit   .   (no helmet)
rElec    +         Reflect  .   (no cloak)
rCorr    .         Harm     .   (no gloves)
MR       .....                  (no boots)
Stlth    ..........             (no amulet)
HPRegen  0.12/turn              (no ring)
MPRegen  0.10/turn              (no ring)

@: no status effects
A: negative energy resistance 1, electricity resistance, unbreathing,
petrification resistance, rot immunity, AC +4
a: Renounce Religion


You were on level 3 of the Dungeon.
You worshipped Okawaru.
Okawaru was noncommittal.
You were near starving.

You visited 1 branch of the dungeon, and saw 3 of its levels.

You collected 119 gold pieces.

Inventory:

Hand Weapons
 a - a +0 flail (weapon)
Armour
 b - a +0 scale mail (worn)
 c - a +0 shield (worn)
Scrolls
 e - 3 scrolls of magic mapping
 i - a scroll of fog
 j - a scroll of remove curse {@r2}
Potions
 d - a potion of heal wounds {unknown}
 g - a potion of lignification {unknown}
 h - a potion of degeneration {unknown}
 k - a potion of haste {unknown}
Comestibles
 f - a ration {@e1}


   Skills:
 - Level 3.2 Fighting
 + Level 6.9 Maces & Flails
 - Level 3.2 Armour
 - Level 3.2 Shields


You had 5 spell levels left.
You didn't know any spells.

Dungeon Overview and Level Annotations

Branches:
Dungeon (3/15)

Altars:
Okawaru

Annotations:
D:3 sanboga's ghost, weakling MiBe


Innate Abilities, Weirdness & Mutations

You are resistant to torment.
Your stone body is resilient. (AC +4)
You are immune to poison.
You resist negative energy. (rN+)
You are resistant to electric shocks. (rElec)
You can survive without breathing.
You are immune to petrification.
You are immune to rotting.


Message History

Unknown command.
You thump sanboga's ghost! Sanboga's ghost barely misses you.
You closely miss sanboga's ghost. Sanboga's ghost hits you!
* * * LOW HITPOINT WARNING * * *
You take 9 damage, and have 14/37 hp.
MASSIVE DAMAGE!!
You barely miss sanboga's ghost. You block sanboga's ghost's attack.
You closely miss sanboga's ghost. Sanboga's ghost barely misses you.
Your scale mail prevents you from hitting sanboga's ghost.
You sock sanboga's ghost!
Sanboga's ghost screams, "To die, to sleep, no more."
Sanboga's ghost hits you.
* * * LOW HITPOINT WARNING * * *
You take 6 damage, and have 8/37 hp.
You completely miss sanboga's ghost. You block sanboga's ghost's attack.
You closely miss sanboga's ghost. Sanboga's ghost closely misses you.
You barely miss sanboga's ghost. You block sanboga's ghost's attack.
You barely miss sanboga's ghost.
You feel like a meek peon again.
You closely miss sanboga's ghost. Sanboga's ghost hits you!
You die... ########### #<...@W...# #########.#

You could see sanboga's ghost.

Vanquished Creatures
  Sigmund (D:2)
  Terence (D:2)
  Natasha (thrice) (D:2)
  6 adders
  A worm (D:2)
  3 dart slugs
  2 leopard geckos
  A bat (D:1)
  A giant cockroach (D:1)
  5 goblins (D:1)
  3 hobgoblins
  8 jackals
  3 kobolds
  2 ball pythons (D:2)
  3 frilled lizards
  8 rats
51 creatures vanquished.

Notes
Turn   | Place    | Note
-------+----------+-------------------------------------------
     0 | D:1      | pomescollege the Gargoyle Fighter began the quest for the Orb.
     0 | D:1      | Reached XP level 1. HP: 14/14 MP: 1/1
   143 | D:1      | Reached XP level 2. HP: 19/19 MP: 2/2
   245 | D:1      | Reached skill level 3 in Maces & Flails
   368 | D:1      | Reached XP level 3. HP: 23/23 MP: 3/3
   490 | D:2      | Reached skill level 4 in Maces & Flails
   530 | D:2      | Noticed Sigmund
   546 | D:2      | Reached XP level 4. HP: 12/28 MP: 4/4
   766 | D:2      | Found an iron altar of Okawaru.
   777 | D:2      | Became a worshipper of Warmaster Okawaru
   792 | D:2      | Noticed Natasha
   817 | D:2      | Killed Natasha
   896 | D:1      | HP: 1/28 [adder (3)]
   902 | D:1      | HP: 1/28 [adder (1)]
  1339 | D:2      | Noticed Terence
  1351 | D:2      | Killed Terence
  1351 | D:2      | Reached skill level 5 in Maces & Flails
  1351 | D:2      | Reached XP level 5. HP: 30/32 MP: 5/5
  1407 | D:2      | Noticed Natasha
  1415 | D:2      | Killed Natasha
  1688 | D:2      | Noticed Natasha
  1881 | D:2      | Killed Sigmund
  1881 | D:2      | Reached skill level 6 in Maces & Flails
  1881 | D:2      | Reached XP level 6. HP: 19/37 MP: 6/6
  1884 | D:2      | Killed Natasha
  1884 | D:2      | Reached * piety under Okawaru
  2523 | D:3      | Noticed sanboga's ghost (weakling MiBe)
  2548 | D:3      | Slain by sanboga's ghost

Skill      XL: |  1  2  3  4  5 |
---------------+----------------+-----
Maces & Flails | 3 4 5 6 |  6.9
Fighting       | |  3.2
Armour         | |  3.2
Shields        | |  3.2

Action                   |  1- 3 |  4- 6 || total
-------------------------+-------+-------++-------
Melee: Flail             |    82 |   155 ||   237
Invok: Heroism           |       |     1 ||     1
  Use: Scroll            |       |     5 ||     5
       Potion            |       |     1 ||     1
  Eat: Chunk             |       |     4 ||     4
Armor: Scale mail        |    45 |    64 ||   109
Dodge: Dodged            |    22 |    53 ||    75
Block: Shield            |    45 |    74 ||   119
